 Dungeon Crawl Stone Soup version 0.31.0-4-g52a2dc7128 (webtiles) character file.

Game seed: 1521193085139730236

461 AarnesTheHuman the Chopper (level 6, -1/56 HPs)
             Began as a Minotaur Berserker on Jan 22, 2024.
             Was a Priest of Trog.
             Slain by a kobold brigand
             ... wielding a +0 short sword of freezing
              (3 damage)
             ... on level 4 of the Dungeon.
             The game lasted 00:06:21 (2553 turns).

AarnesTheHuman the Chopper (Minotaur Berserker)     Turns: 2553, Time: 00:06:22

Health: -1/56      AC:  5    Str: 23    XL:     6   Next: 79%
Magic:  5/5        EV: 13    Int:  4    God:    Trog [***...]
Gold:   98         SH:  0    Dex: 10    Spells: 5/5 levels left

rFire   . . .        a - +1 hand axe
rCold   . . .        (no shield)
rNeg    . . .        o - +1 robe {Will+}
rPois   .            (helmet restricted)
rElec   .            (no cloak)
rCorr   .            d - +1 pair of gloves
SInv    .            (no boots)
Will    +....        (no amulet)
Stlth   +            (no ring)
HPRegen 0.29/turn    (no ring)
MPRegen 0.09/turn

%: no passive effects
@: on fire, on berserk cooldown, slowed, glowing, very slow
A: horns 2, retaliatory headbutt
a: Renounce Religion, Berserk, Trog's Hand


You were on level 4 of the Dungeon.
You worshipped Trog.
Trog was most pleased with you.
You visited 1 branch of the dungeon, and saw 4 of its levels.

You collected 98 gold pieces.

Inventory:

Hand Weapons
 a - a +1 hand axe (weapon)
 k - a +1 dagger of venom
Missiles
 m - 15 stones (quivered)
Armour
 b - a +0 animal skin
 d - a +1 pair of gloves (worn)
 o - a +1 robe of willpower (worn)
Talismans
 g - a flux talisman
Scrolls
 e - a scroll of enchant weapon
 i - a scroll of teleportation
 l - a scroll of silence {unknown}
Potions
 c - a potion of enlightenment
 f - a potion of resistance {unknown}
 h - a potion of might
 j - 2 potions of heal wounds
 n - a potion of brilliance
 p - a potion of lignification


   Skills:
 + Level 5.6 Fighting
 + Level 5.6 Axes
 + Level 4.8 Armour
 + Level 4.4 Dodging


You had 5 spell levels left.
You didn't know any spells.
Your spell library was empty.

Dungeon Overview and Level Annotations

Branches:
Dungeon (4/15)
 Temple: D:4-7

Altars:
Ashenzari
Hepliaklqana
Qazlal
Yredelemnul

Annotations:
D:3 1 runed translucent door, 2 transporters, exclusion: door, Anaz's ghost, amateur DgFi
D:4 Grinder


Innate Abilities, Weirdness & Mutations

You have a pair of horns on your head.
You reflexively headbutt those who attack you in melee.


Message History

The liquid fire burns you!
The kobold brigand hits you but does no damage.
The bombardier beetle sprays incendiary fluid at you.
The burning spray hits you.
You are even more covered in liquid fire!
You miss the kobold brigand.
The kobold brigand is moderately wounded.
The liquid fire burns you!
The kobold brigand hits you with a +0 short sword of freezing!
The kobold brigand freezes you.
The bombardier beetle sprays incendiary fluid at you.
The burning spray hits you.
You are even more covered in liquid fire!
The kobold brigand misses you.
You completely miss the kobold brigand.
The kobold brigand is moderately wounded.
The liquid fire burns you!
The kobold brigand hits you with a +0 short sword of freezing.
The kobold brigand freezes you.
The kobold brigand hits you with a +0 short sword of freezing.
The kobold brigand freezes you.
* * * LOW HITPOINT WARNING * * *
You barely miss the kobold brigand.
The kobold brigand is moderately wounded.
The liquid fire burns you!
* * * LOW HITPOINT WARNING * * *
The kobold brigand hits you but does no damage.
The bombardier beetle sprays incendiary fluid at you.
The burning spray hits you.
You are even more covered in liquid fire!
You slash the kobold brigand!
The kobold brigand is severely wounded.
The liquid fire burns you!
* * * LOW HITPOINT WARNING * * *
Grinder gestures at you. You resist with some effort.
The kobold brigand hits you with a +0 short sword of freezing.
* * * LOW HITPOINT WARNING * * *
The kobold brigand freezes you.
You die...

...........#
...........#
...........#
...........#
........(..#
......B5...#
...........###########
...$..K@().[.........#
.....................#
#
##########...........#
# #.?.........# #
#...........###
#..........)†..
#...........###
#...........# #
#...........# #


You could see Grinder, a kobold brigand and a bombardier beetle.

Vanquished Creatures
  Sigmund (D:2)
  A water moccasin (D:3)
  Natasha (thrice) (D:2)
  6 adders
  4 dart slugs
  2 orcs (D:3)
  7 bats
  6 endoplasms
  3 goblins
  6 hobgoblins
  A quokka (D:3)
  11 ball pythons
  A frilled lizard (D:1)
  11 kobolds
  4 rats
67 creatures vanquished.

Notes
Turn   | Place    | Note
-------+----------+-------------------------------------------
     0 | D:1      | AarnesTheHuman the Minotaur Berserker began the quest for
                  | the Orb.
     0 | D:1      | Reached XP level 1. HP: 19/19 MP: 0/0
   116 | D:1      | Reached XP level 2. HP: 27/27 MP: 1/1
   270 | D:1      | Reached ** piety under Trog
   397 | D:1      | Found a faded altar of an unknown god.
   652 | D:1      | Reached XP level 3. HP: 32/33 MP: 2/2
  1013 | D:2      | Noticed Natasha
  1022 | D:2      | Killed Natasha
  1023 | D:2      | Reached XP level 4. HP: 37/41 MP: 3/3
  1114 | D:2      | Noticed Natasha
  1124 | D:2      | Killed Natasha
  1307 | D:2      | Reached *** piety under Trog
  1326 | D:2      | Noticed Sigmund
  1392 | D:2      | Killed Sigmund
  1393 | D:2      | Reached skill level 5 in Fighting
  1393 | D:2      | Reached skill level 5 in Axes
  1393 | D:2      | Reached XP level 5. HP: 48/48 MP: 4/4
  1393 | D:2      | Reached XP level 6. HP: 56/56 MP: 5/5
  1501 | D:2      | Noticed Natasha
  1508 | D:2      | Killed Natasha
  1703 | D:3      | Found a broken altar of Ashenzari.
  1717 | D:3      | Found a runed translucent door.
  1785 | D:3      | Found a stormy altar of Qazlal.
  1864 | D:3      | Noticed a water moccasin
  1872 | D:3      | Killed a water moccasin
  2014 | D:3      | Found a transporter.
  2036 | D:3      | Found a transporter.
  2045 | D:3      | Found a hazy altar of Hepliaklqana.
  2116 | D:3      | Found a basalt altar of Yredelemnul.
  2150 | D:3      | Noticed Anaz's ghost (amateur DgFi)
  2537 | D:4      | Noticed Grinder
  2553 | D:4      | HP: 2/56 [kobold brigand/+0 short sword of freezing (6)]
  2553 | D:4      | Slain by a kobold brigand

Illustrated notes

Levels and vault maps discovered:
D:1:      lightli_arrival_boilingwater, layout_loops_ring,
          dreamdust_ecumenical_altar_hidden_monk_grotto, feat_on_display
D:2:      layout_basic, uniq_natasha, uniq_sigmund
D:3:      layout_basic, gammafunk_temple_overflow_arena,
          nicolae_qazlal_eye_of_the_storm, nicolae_ashenzari_skybound,
          general_overflow_altar, ebering_ghost_reflecting_pool
D:4:      layout_basic, minivault_23, uniq_grinder, uniq_ijyb

Skill      XL: |  1  2  3  4 |
---------------+-------------+-----
Fighting       | 4 5 |  5.6
Axes           | 4 5 |  5.6
Armour         | 3 4 |  4.8
Dodging        | 3 4 |  4.4

Action                     |  1- 3 |  4- 6 || total
---------------------------+-------+-------++-------
  Melee: Hand axe          |    77 |    78 ||   155
         Headbutt          |    10 |    16 ||    26
         Punch             |       |     1 ||     1
 Invoke: Berserk           |       |     3 ||     3
    Use: Scroll            |       |     7 ||     7
   Stab: Sleeping          |     1 |       ||     1
 Armour: Animal skin       |    54 |    21 ||    75
         Robe              |       |    29 ||    29
  Dodge: Dodged            |    48 |    46 ||    94
